 Dungeon Crawl Stone Soup version 0.19.0-9-gfd783f2 (webtiles) character file.

20721 Mesmaeker13 the Unseen (level 12, -6/87 HPs)
             Began as a Vampire Enchanter on Nov 7, 2016.
             Was a Believer of Ashenzari.
             Mangled by a polar bear simulacrum (7 damage)
             ... in an ice cave.
             The game lasted 01:05:17 (15107 turns).

Mesmaeker13 the Unseen (Vampire Enchanter)         Turns: 15107, Time: 01:05:18

Health: -6/87      AC:  9    Str:  8    XL:     12   Next: 47%
Magic:  3/19       EV: 18    Int: 20    God:    Ashenzari [**....]
Gold:   579        SH:  8    Dex: 16    Spells: 7 memorised, 4 levels left

rFire  . . .     SeeInvis +     w - +0 dagger (venom)
rCold  + + .     Gourm    .     e - +2 leather armour {rPois}
rNeg   + + +     Faith    .     y - +2 buckler (curse)
rPois  ∞         Spirit   .     P - +0 helmet (curse)
rElec  .         Reflect  .     i - +0 cloak
rCorr  +         Harm     .     o - +0 pair of gloves
MR     +....                    B - +0 pair of boots (curse)
Stlth  ++++++++..               I - amulet of magic regeneration
                                A - ring of poison resistance
                                j - ring of resist corrosion

@: very slightly contaminated, bloodless, non-regenerating
A: fangs 3, see invisible, unbreathing
a: Bat Form, Curse Item, Scrying, Renounce Religion


You were in an ice cave.
You worshipped Ashenzari.
Ashenzari was pleased with you.
You were bloodless.

You visited 3 branches of the dungeon, and saw 14 of its levels.
You also visited: Sewer and Ice Cave.

You collected 987 gold pieces.
You spent 408 gold pieces at shops.

Inventory:

Hand Weapons
 m - a +0 dagger of holy wrath
 t - a +4 falchion
 w - a +0 dagger of venom (weapon)
Missiles
 k - 34 tomahawks (quivered)
Armour
 e - a +2 leather armour of poison resistance (worn)
 i - a +0 cloak (worn)
 o - a +0 pair of gloves (worn)
 y - a cursed +2 buckler (worn)
 B - a cursed +0 pair of boots (worn)
 P - a cursed +0 helmet (worn)
Jewellery
 j - a ring of resist corrosion (left hand)
 A - a ring of poison resistance (right hand)
 I - an amulet of magic regeneration (around neck)
Wands
 p - a wand of lightning (10/15)
 G - a wand of disintegration (10/24)
 Q - a wand of paralysis (7/24)
 R - a wand of disintegration (4/24)
Scrolls
 a - a scroll of silence {unknown}
 c - a scroll of identify
 f - 2 scrolls of recharging
 l - a scroll of noise {unknown}
 n - a scroll of teleportation
 r - 3 scrolls of enchant armour
 s - a scroll of holy word {unknown}
 z - a scroll of fear {unknown}
 D - 3 scrolls of remove curse
 F - a scroll of magic mapping
 K - a scroll of fog {unknown}
 S - a scroll of blinking {unknown}
Potions
 b - a potion of brilliance {unknown}
 d - 19 potions of blood
 g - 2 potions of agility
 h - 5 potions of curing
 q - a potion of cure mutation {unknown}
 C - a potion of ambrosia
 E - a potion of haste
 N - 2 potions of flight {unknown}


   Skills:
 + Level 5.9 Fighting
 + Level 9.9 Short Blades
 + Level 9.2 Dodging
 + Level 15.5 Stealth
 - Level 5.1(6.5) Shields
 - Level 5.0 Spellcasting
 - Level 10.1 Hexes
 + Level 5.9 Charms
 - Level 4.0 Ice Magic


You had 4 spell levels left.
You knew the following spells:

 Your Spells              Type           Power        Failure   Level  Hunger
a - Corona                Hex            #####..      1%          1    None
b - Confuse               Hex            #####...     1%          3    ##.....
c - Tukima's Dance        Hex            #####...     1%          3    ##.....
d - Ensorcelled Hibernat  Hex/Ice        ####..       1%          2    None
e - Dazzling Spray        Conj/Hex       ####..       10%         3    ##.....
f - Ozocubu's Armour      Chrm/Ice       ####....     10%         3    ##.....
g - Repel Missiles        Chrm/Air       ###...       10%         2    None


Dungeon Overview and Level Annotations

Branches:
Dungeon (10/15)            Temple (1/1) D:6            Lair (3/6) D:9
  Swamp (0/4) Lair:3       Spider (0/4) Lair:2          Orc (0/2) D:10

Altars:
Ashenzari
Cheibriados
Dithmenos
Elyvilon
Fedhas
Gozag
Hepliaklqana
Kikubaaqudgha
Makhleb
Nemelex Xobeh
Okawaru
Qazlal
Ru
Sif Muna
Trog
Uskayaw
Vehumet
Xom
Yredelemnul
Zin
The Shining One

Shops:
D:7 **


Innate Abilities, Weirdness & Mutations

You do not heal naturally.
You are immune to poison.
You have razor-sharp teeth.
You have supernaturally acute eyesight. (SInv)
You can survive without breathing.


Message History

The polar bear simulacrum claws you.
* * * LOW HITPOINT WARNING * * *
The polar bear simulacrum freezes you. You resist.
* * * LOW HITPOINT WARNING * * *
Casting: Dazzling Spray
Confirm with . or Enter, or press ? or * to list all spells.
Aiming: Dazzling Spray
Press: ? - help, Shift-Dir - straight line, f/p - polar bear simulacrum
Aim: a polar bear simulacrum (moderately damaged)
The spray of energy hits the polar bear simulacrum.
The polar bear simulacrum is heavily damaged.
The spray of energy hits the wolf spider simulacrum.
The wolf spider simulacrum is heavily damaged.
The wolf spider simulacrum hits you!
* * * LOW HITPOINT WARNING * * *
The wolf spider simulacrum freezes you. You resist.
* * * LOW HITPOINT WARNING * * *
The wolf spider simulacrum bites you but does no damage.
The polar bear simulacrum bites you!
You die...

≈* ..## *
..## *
...## ≈≈
#...# , ≈
≈##...# , *
#...#
##...## ,
**≈
*##§....##
#@Z.∩...# ,
#.Z.....#
≈*##..∩..##
* *##...##
≈ ##### ≈ *


You could see a polar bear simulacrum and a wolf spider simulacrum.

Vanquished Creatures
  A hydra (Lair:1)
  2 catoblepae (Lair:2)
  A queen ant (Lair:2)
  An unseen horror (D:10)
  An orb spider (Lair:2)
  2 manticores (D:9)
  3 elephants
  4 spiny frogs (Lair:1)
  A komodo dragon (Lair:3)
  A two-headed ogre (D:9)
  Prince Ribbit (D:5)
  5 hippogriffs
  2 wyverns (D:9)
  12 yaks
  4 soldier ants (Lair:2)
  Edmund (D:4)
  4 water moccasins
  Duvessa (D:4)
  4 porcupines
  6 ice beasts
  7 orc warriors
  9 black bears
  12 wolves (Lair:1)
  A necrophage (D:8)
  4 ogres
  8 centaurs
  3 crocodiles
  3 big kobolds
  3 gnoll sergeants
  16 bullfrogs
  A water moccasin zombie (D:8)
  Dowan (D:4)
  A wyvern skeleton (D:9)
  4 killer bees (D:8)
  3 wights (D:10)
  2 vampire bats (D:7)
  4 howler monkeys
  7 electric eels
  2 crimson imps
  2 centaur zombies
  8 hounds
  3 bullfrog zombies
  3 gnoll shamans (D:9)
  2 jellies
  10 orc priests
  A centaur skeleton (D:6)
  4 iguanas
  15 orc wizards
  20 worker ants
  2 wolf simulacra (IceCv)
  A worker ant zombie (D:6)
  A howler monkey skeleton (D:5)
  10 gnolls
  12 adders
  3 river rats (D:4)
  2 shadow imps
  2 oozes
  A worm (D:2)
  2 dart slugs (D:1)
  10 leopard geckos
  31 orcs
  3 bats
  3 bat skeletons (D:7)
  A bat zombie (D:7)
  9 giant cockroaches
  4 goblins
  7 hobgoblins
  6 jackals
  4 quokkas
  8 ball pythons
  9 frilled lizards
  A jackal zombie (D:8)
  12 kobolds
  6 rats
366 creatures vanquished.

Vanquished Creatures (collateral kills)
  A merfolk (D:9)
  A two-headed ogre (D:9)
  An orc warrior (D:10)
  A black bear (D:9)
  A big kobold (D:9)
  A jelly (D:7)
  An orc priest (D:9)
  An orc wizard (D:10)
  A gnoll (D:9)
  10 orcs
19 creatures vanquished.

Vanquished Creatures (others)
  6 dancing weapons
  A plant (Lair:1)
7 creatures vanquished.

Grand Total: 392 creatures vanquished

Notes
Turn   | Place    | Note
-------+----------+-------------------------------------------
     0 | D:1      | Mesmaeker13 the Vampire Enchanter began the quest for the Orb.
     0 | D:1      | Reached XP level 1. HP: 13/13 MP: 3/3
   150 | D:1      | Reached XP level 2. HP: 10/19 MP: 3/5
   474 | D:1      | Reached skill level 5 in Hexes
  1546 | D:2      | Found a shadowy altar of Dithmenos.
  1638 | D:2      | Reached XP level 3. HP: 14/24 MP: 4/7
  1767 | D:2      | Learned a level 3 spell: Confuse
  2132 | D:2      | Reached XP level 4. HP: 30/30 MP: 4/8
  2159 | D:2      | Reached skill level 5 in Stealth
  2424 | D:2      | Found a shimmering altar of Xom.
  2568 | D:3      | Noticed an ogre
  2577 | D:3      | Learned a level 3 spell: Tukima's Dance
  2594 | D:3      | Killed an ogre
  2594 | D:3      | Reached skill level 6 in Stealth
  2594 | D:3      | Reached XP level 5. HP: 19/35 MP: 6/10
  3081 | D:4      | Noticed Edmund
  3087 | D:4      | Killed Edmund
  3087 | D:4      | Reached XP level 6. HP: 39/41 MP: 11/11
  3102 | D:4      | Learned a level 2 spell: Ensorcelled Hibernation
  3228 | D:3      | Reached skill level 7 in Stealth
  3268 | D:4      | Noticed Duvessa
  3268 | D:4      | Noticed Dowan
  3274 | D:4      | Killed Duvessa
  3292 | D:4      | Killed Dowan
  3292 | D:4      | Reached XP level 7. HP: 42/46 MP: 4/13
  3379 | D:4      | Found a glowing drain.
  3462 | Sewer    | Entered a sewer
  3572 | Sewer    | Reached skill level 8 in Stealth
  4388 | D:4      | Reached skill level 5 in Spellcasting
  4415 | D:4      | Found a stormy altar of Qazlal.
  4457 | D:5      | Entered Level 5 of the Dungeon
  5058 | D:5      | Noticed Prince Ribbit
  5102 | D:5      | Reached skill level 9 in Stealth
  5118 | D:5      | Learned a level 3 spell: Dazzling Spray
  5232 | D:5      | Reached XP level 8. HP: 35/52 MP: 2/15
  5357 | D:5      | Killed Prince Ribbit
  5357 | D:5      | Reached skill level 1 in Shields
  5549 | D:6      | Found a staircase to the Ecumenical Temple.
  5558 | Temple   | Entered the Ecumenical Temple
  6098 | D:6      | Found a burning altar of Makhleb.
  6158 | D:7      | Found Wuwimo's Whimsical Warehouse.
  6188 | D:7      | Reached skill level 10 in Stealth
  6376 | D:7      | Reached skill level 10 in Hexes
  6570 | D:7      | Reached XP level 9. HP: 57/57 MP: 16/16
  6587 | D:7      | Found Loxylif's Assorted Antiques.
  6636 | D:7      | Found an ancient bone altar of Kikubaaqudgha.
  6987 | D:8      | Found a white marble altar of Elyvilon.
  7146 | D:8      | Reached skill level 1 in Ice Magic
  7201 | D:8      | Reached skill level 5 in Short Blades
  7231 | D:8      | Found a deep blue altar of Sif Muna.
  7442 | D:8      | Reached skill level 11 in Stealth
  7535 | D:8      | Found a shattered altar of Ashenzari.
  7548 | D:8      | Became a worshipper of Ashenzari the Shackled
  8417 | D:9      | Reached XP level 10. HP: 63/63 MP: 11/17
  8678 | D:9      | Noticed a manticore
  8685 | D:9      | Reached skill level 12 in Stealth
  8685 | D:9      | Reached skill level 5 in Shields
  8697 | D:9      | Killed a manticore
  8697 | D:9      | Reached skill level 5 in Dodging
  9151 | D:9      | Noticed a manticore
  9156 | D:9      | Found a staircase to the Lair.
  9216 | D:9      | Reached skill level 1 in Fighting
  9853 | D:9      | Killed a manticore
  9853 | D:9      | Reached skill level 13 in Stealth
 10098 | D:9      | Reached * piety under Ashenzari
 10526 | D:9      | Found a basalt altar of Yredelemnul.
 10570 | D:9      | Reached XP level 11. HP: 75/75 MP: 14/18
 10719 | D:9      | Learned a level 3 spell: Ozocubu's Armour
 11156 | D:10     | Entered Level 10 of the Dungeon
 11309 | D:10     | Noticed an unseen horror
 11320 | D:10     | Killed an unseen horror
 11320 | D:10     | Reached skill level 1 in Charms
 11752 | D:10     | Found a staircase to the Orcish Mines.
 12170 | Lair:1   | Entered Level 1 of the Lair of Beasts
 12181 | Lair:1   | Noticed a six-headed hydra
 12227 | Lair:1   | Reached skill level 14 in Stealth
 12682 | Lair:1   | Killed a six-headed hydra
 13333 | D:7      | Bought a paperback book for 360 gold pieces
 13338 | D:7      | Bought a scroll of identify for 48 gold pieces
 13742 | Lair:2   | Reached skill level 5 in Fighting
 13742 | Lair:2   | Reached XP level 12. HP: 86/86 MP: 15/19
 13912 | Lair:2   | Found a hole to the Spider Nest.
 14005 | Lair:2   | Reached ** piety under Ashenzari
 14048 | Lair:2   | Reached skill level 15 in Stealth
 14060 | Lair:2   | Noticed a catoblepas
 14063 | Lair:2   | Killed a catoblepas
 14063 | Lair:2   | Reached skill level 5 in Charms
 14337 | Lair:2   | Noticed a queen ant
 14401 | Lair:2   | Killed a queen ant
 14423 | Lair:2   | Noticed a catoblepas
 14433 | Lair:2   | Killed a catoblepas
 14927 | D:9      | Learned a level 2 spell: Repel Missiles
 15066 | Lair:3   | Found a frozen archway.
 15093 | IceCv    | Entered an ice cave
 15107 | IceCv    | HP: 1/87 [wolf spider simulacrum (6)]
 15107 | IceCv    | Mangled by a polar bear simulacrum

Skill      XL: |  1  2  3  4  5  6  7  8  9 10 11 12 |
---------------+-------------------------------------+-----
Hexes          | 5 6 7 8 9 10 | 10.1
Stealth        | 6 7 9 10 11 13 14 15 | 15.5
Spellcasting   | 3 4 5 |  5.0
Short Blades   | 2 4 6 7 9 |  9.9
Shields        | 3 4 5 |  5.1
Ice Magic      | 3 4 |  4.0
Dodging        | 4 6 8 9 |  9.2
Fighting       | 3 5 |  5.9
Charms         | 4 5 |  5.9

Action                   |  1- 3 |  4- 6 |  7- 9 | 10-12 || total
-------------------------+-------+-------+-------+-------++-------
Melee: Dagger            |   135 |    79 |   502 |   823 ||  1539
       Bite              |    10 |     9 |    35 |    89 ||   143
Throw: Tomahawk          |       |       |       |     6 ||     6
 Cast: Corona            |    21 |     2 |    18 |    24 ||    65
       Confuse           |     3 |     6 |    45 |   117 ||   171
       Tukima's Dance    |       |     1 |    10 |    36 ||    47
       Dazzling Spray    |       |       |     3 |     7 ||    10
       Ensorcelled Hiber |       |       |     1 |    22 ||    23
       Ozocubu's Armour  |       |       |       |     1 ||     1
Invok: Curse Item        |       |       |     2 |       ||     2
 Abil: End Transformatio |       |     1 |       |     4 ||     5
       Bat Form          |       |     1 |       |     4 ||     5
Evoke: Wand              |       |       |     3 |     2 ||     5
  Use: Scroll            |       |     7 |     3 |    11 ||    21
       Potion            |       |       |    10 |     9 ||    19
 Stab: Sleeping          |     8 |     8 |    31 |    44 ||    91
       Confused          |     1 |     3 |    21 |    67 ||    92
       Paralysed         |       |       |     2 |       ||     2
       Invisible         |       |       |     2 |       ||     2
       Distracted        |       |       |     1 |     3 ||     4
  Eat: Corpse            |     2 |     2 |    10 |    13 ||    27
Armor: Robe              |    32 |    12 |   100 |    23 ||   167
       Leather armour    |       |       |       |    60 ||    60
Dodge: Dodged            |    70 |    37 |   223 |   378 ||   708
Block: Buckler           |       |       |    82 |   211 ||   293
